 Dungeon Crawl Stone Soup version 0.30.1-9-gdf580d7c3d (webtiles) character file.

Game seed: 6161050447290241421

1847 danielguo94 the Basher (level 9, 39/54 HPs)
             Began as a Gargoyle Fighter on Oct 10, 2023.
             Was a Follower of the Shining One.
             Quit the game on level 1 of the Abyss.
             The game lasted 00:08:40 (5118 turns).

danielguo94 the Basher (Gargoyle Fighter)           Turns: 5118, Time: 00:08:40

Health: 39/54      AC: 18    Str: 21    XL:     9   Next: 12%
Magic:  6/9        EV: 10    Int: 10    God:    the Shining One [*.....]
Gold:   79         SH: 11    Dex: 11    Spells: 8/8 levels left

rFire   . . .        d - +1 flail (protect)
rCold   . . .        c - +0 buckler
rNeg    + . .        b - +0 scale mail
rPois   ∞            E - +1 helmet
rElec   +            (no cloak)
rCorr   .            s - +1 pair of gloves
SInv    .            (no boots)
Will    .....        C - amulet of regeneration Stlth
                     (no ring)
HPRegen 1.09/turn    (no ring)
MPRegen 0.11/turn

%: no passive effects
@: divinely shielded, glowing
A: sickness immunity, AC +6, negative energy resistance 1, electricity
resistance, torment resistance 1, petrification resistance
a: Renounce Religion, Divine Shield


You were on level 1 of the Abyss.
You worshipped the Shining One.
The Shining One was aware of your devotion.
You visited 2 branches of the dungeon, and saw 8 of its levels.
You visited the Abyss 1 time.

You collected 320 gold pieces.
You spent 241 gold pieces at shops.

Inventory:

Hand Weapons
 d - a +1 flail of protection (weapon)
Missiles
 t - 10 poisoned darts
 A - 6 boomerangs
Armour
 b - a +0 scale mail (worn)
 c - a +0 buckler (worn)
 s - a +1 pair of gloves (worn)
 E - a +1 helmet (worn)
Jewellery
 r - an amulet of the acrobat
 C - an amulet of regeneration (around neck)
Wands
 D - a wand of iceblast (6) (quivered)
Scrolls
 e - 2 scrolls of enchant armour
 g - a scroll of enchant weapon {unknown}
 i - 4 scrolls of immolation
 w - a scroll of fog {unknown}
 x - 2 scrolls of vulnerability
 y - 2 scrolls of fear {unknown}
 z - a scroll of teleportation {unknown}
 F - a scroll of amnesia {unknown}
Potions
 a - a potion of flight {unknown}
 f - 4 potions of mutation
 j - 6 potions of curing
 k - a potion of cancellation {unknown}
 m - 2 potions of lignification {unknown}
 o - a potion of resistance {unknown}
 p - 4 potions of attraction
 q - 4 potions of heal wounds
 u - 2 potions of haste
 v - 3 potions of degeneration {unknown}
 B - a potion of brilliance {unknown}


   Skills:
 + Level 5.4 Fighting
 * Level 9.2 Maces & Flails
 + Level 5.3 Armour
 + Level 2.2 Dodging
 + Level 4.9 Shields


You had 8 spell levels left.
You didn't know any spells.
Your spell library contained the following spells:

 Spells                   Type           Power      Damage    Failure   Level
 Ensorcelled Hibernation  Hex/Ice        0%         N/A       87%         2
 Spider Form              Tmut/Pois      0%         N/A       98%         3
 Volatile Blastmotes      Fire/Tloc      0%         2d10      98%         3
 Anguish                  Hex/Necr       0%         N/A       100%        4
 Fulminant Prism          Conj/Hex       0%         3d5       100%        4
 Iskenderun's Mystic Bla  Conj/Tloc      0%         2d3       100%        4
 Leda's Liquefaction      Hex/Erth       0%         N/A       100%        4
 Lee's Rapid Deconstruct  Erth           0%         3d4*      100%        5
 Statue Form              Tmut/Erth      Unusable   N/A       N/A         6

Dungeon Overview and Level Annotations

Branches:
Dungeon (7/15)             Temple (1/1) D:5

Altars:
Cheibriados
Elyvilon
Makhleb
Nemelex Xobeh
Okawaru
Qazlal
Ru
Sif Muna
Trog
Uskayaw
Yredelemnul
The Shining One

Shops:
D:2 !   D:7 ?![


Innate Abilities, Weirdness & Mutations

You are immune to sickness and miasma.
Your stone body is resilient. (AC +6)
You are immune to poison.
You resist negative energy. (rN+)
You are resistant to electric shocks. (rElec)
You are resistant to unholy torment.
You are immune to petrification.


Message History

A gnoll sergeant is nearby!
Throw: 2 darts (curare)
Press: ? - help, Q - select action, (/) - cycle Shift-Dir - straight line, f - gnoll sergeant
Aim: a gnoll sergeant, wielding a +6 trident of distortion, wearing a +0 ring mail and wearing a +2 kite shield (69% to hit)
You throw a curare-tipped dart.
The gnoll sergeant blocks the curare-tipped dart.
Unknown command.
Throw: dart (curare)
Press: ? - help, Q - select action, (/) - cycle Shift-Dir - straight line, f/p - gnoll sergeant
Aim: a gnoll sergeant, wielding a +6 trident of distortion, wearing a +0 ring mail and wearing a +2 kite shield (69% to hit)
You throw a curare-tipped dart.
The gnoll sergeant blocks the curare-tipped dart.
Unknown command.
Your shield is strengthened by the Shining One's divine power.
The gnoll sergeant hits you from afar with a +6 trident of distortion.
Space warps around you.
Unknown command.
Aiming: Iceblast
Press: ? - help, Shift-Dir - straight line, f/p - gnoll sergeant
Aim: a gnoll sergeant, wielding a +6 trident of distortion, wearing a +0 ring mail and wearing a +2 kite shield The mass of ice explodes!
The iceblast engulfs the gnoll sergeant!
The gnoll sergeant is moderately wounded.
The gnoll sergeant hits you from afar with a +6 trident of distortion!
Space warps horribly around you.
Unknown command.
Unknown command.
Aiming: Iceblast
Press: ? - help, Shift-Dir - straight line, f/p - gnoll sergeant
Aim: a gnoll sergeant, wielding a +6 trident of distortion, wearing a +0 ring mail and wearing a +2 kite shield (moderately wounded)
The mass of ice explodes!
The iceblast engulfs the gnoll sergeant!
The gnoll sergeant is heavily wounded.
The gnoll sergeant hits you but does no damage.
You are cast into the Abyss!
This branch contains the abyssal rune of Zot.
Found a corrupted altar of Lugonu.
Unknown command.
Unknown command.
Are you sure you want to abandon this character and quit the game? (Confirm with "yes".)

######
#.∩..##
#.@..#
##....#
.........
##.....#..
.#.._....
. .......
. .......
.. ....#..


There were no monsters in sight!

Vanquished Creatures
  A water moccasin (D:7)
  A sky beast (D:7)
  An orc warrior (D:6)
  A black bear (D:5)
  An ogre (D:6)
  2 ice beasts
  A centaur (D:5)
  A bullfrog (D:6)
  A gnoll sergeant (D:7)
  A scorpion (D:5)
  2 howler monkeys (D:7)
  2 jellies (D:6)
  7 hounds
  2 orc priests
  2 gnoll boudas (D:7)
  2 iguanas (D:5)
  A sleepcap (D:5)
  An orc wizard (D:7)
  17 gnolls (D:7)
  6 adders
  2 ufetubi
  3 worms (D:2)
  A dart slug (D:5)
  29 orcs
  8 endoplasms
  7 giant cockroaches
  5 hobgoblins
  8 jackals
  3 quokkas
  6 ball pythons
  A bat (D:3)
  2 frilled lizards
  7 goblins
  8 kobolds
  5 rats
148 creatures vanquished.

Notes
Turn   | Place    | Note
-------+----------+-------------------------------------------
     0 | D:1      | danielguo94 the Gargoyle Fighter began the quest for the
                  | Orb.
     0 | D:1      | Reached XP level 1. HP: 14/14 MP: 1/1
   185 | D:1      | Reached XP level 2. HP: 17/19 MP: 2/2
   438 | D:1      | Found a faded altar of an unknown god.
   482 | D:1      | Reached XP level 3. HP: 24/24 MP: 3/3
  1227 | D:2      | Found Hepluuc's Distillery.
  1246 | D:2      | Bought a potion of heal wounds for 50 gold pieces
  1619 | D:3      | Reached skill level 3 in Maces & Flails
  1627 | D:3      | Reached XP level 4. HP: 24/29 MP: 4/4
  2033 | D:3      | Found a basalt altar of Yredelemnul.
  2560 | D:4      | Reached XP level 5. HP: 32/33 MP: 5/5
  2584 | D:4      | Reached skill level 4 in Maces & Flails
  3177 | D:5      | Entered Level 5 of the Dungeon
  3191 | D:5      | Noticed a black bear
  3244 | D:5      | Reached XP level 6. HP: 38/38 MP: 6/6
  3244 | D:5      | You fall into a shaft and drop 2 floors!
  3245 | D:7      | Found Berhav's Antique Armour Emporium.
  3316 | D:7      | Noticed a sky beast
  3347 | D:7      | Reached skill level 5 in Maces & Flails
  3356 | D:7      | Killed a sky beast
  3379 | D:7      | Noticed a water moccasin
  3386 | D:7      | Killed a water moccasin
  3387 | D:7      | Reached skill level 1 in Dodging
  3387 | D:7      | Reached XP level 7. HP: 44/44 MP: 7/7
  3431 | D:6      | Reached skill level 6 in Maces & Flails
  3514 | D:5      | Found a staircase to the Ecumenical Temple.
  3527 | Temple   | Entered the Ecumenical Temple
  3551 | Temple   | Became a worshipper of the Shining One
  4152 | D:5      | Reached skill level 7 in Maces & Flails
  4152 | D:5      | Reached XP level 8. HP: 48/48 MP: 8/8
  4426 | D:6      | Reached skill level 5 in Armour
  4509 | D:6      | Reached skill level 5 in Fighting
  4530 | D:6      | Noticed a two-headed ogre
  4623 | D:7      | Reached skill level 8 in Maces & Flails
  4683 | D:7      | Found a white marble altar of Elyvilon.
  4710 | D:7      | Found Yptaibio's Distillery.
  4715 | D:7      | Bought a potion of heal wounds for 60 gold pieces
  4715 | D:7      | Bought a potion of haste for 120 gold pieces
  4880 | D:7      | Found Wuuwk's Magic Scroll Emporium.
  4886 | D:7      | Bought a scroll of noise for 11 gold pieces
  4983 | D:7      | Reached * piety under the Shining One
  5010 | D:7      | Reached skill level 9 in Maces & Flails
  5010 | D:7      | Reached XP level 9. HP: 47/54 MP: 9/9
  5117 | Abyss:1  | Found a corrupted altar of Lugonu.
  5117 | Abyss:1  | Cast into level 1 of the Abyss (gnoll sergeant)
  5118 | Abyss:1  | Quit the game

Illustrated notes

Levels and vault maps discovered:
D:1:      wheals_arrival_linesprint, layout_basic,
          shapermc_ecumenical_altar_notcrosses
D:2:      layout_loops_ring, serial_shops, shop
D:3:      layout_loops_ring, mainiacjoe_overflow_paths
D:4:      minmay_wonky_spiral, layout_cave_pools
D:5:      layout_gridville, minmay_temple_entry_water_ring
D:6:      layout_gridville, mainiacjoe_overflow_brackets,
          hangedman_decor_peaks_small, corner_web_ring, nicolae_grassy_gnolls
D:7:      layout_cave_pools, elyvilon_altar_5, serial_gnoll_camp,
          gnoll_camp_mini_shop, gnoll_camp_huts_basic, gnoll_camp_mini_basic,
          gnoll_camp_mini_shop, serial_shops, nicolae_shop_window_shopping
Temple:   nicolae_temple_bog_church
Abyss:1:  base:
D:4

Skill      XL: |  1  2  3  4  5  6  7  8 |
---------------+-------------------------+-----
Maces & Flails | 3 4 5 7 9 |  9.2
Armour         | 4 5 |  5.3
Fighting       | 4 5 |  5.4
Shields        | 4 |  4.9
Dodging        | 1 2 |  2.2

Action                     |  1- 3 |  4- 6 |  7- 9 || total
---------------------------+-------+-------+-------++-------
  Melee: Flail             |   140 |   208 |   282 ||   630
  Throw: Dart              |       |       |     2 ||     2
 Invoke: Divine Shield     |       |       |     1 ||     1
  Evoke: Wand              |       |       |     2 ||     2
    Use: Scroll            |     3 |     3 |     2 ||     8
         Potion            |       |     1 |       ||     1
 Armour: Scale mail        |    70 |   145 |   213 ||   428
  Dodge: Dodged            |    81 |   105 |   163 ||   349
  Block: Buckler           |    28 |    69 |    83 ||   180
